 Dungeon Crawl Stone Soup version 0.20.0-10-g0535bb4 (webtiles) character file.

3820 shmeve the Fighter (level 10, 0/65 HPs)
             Began as a Gargoyle Fighter on June 3, 2017.
             Was a Follower of Trog.
             Slain by a sky beast (1 damage)
             ... on level 8 of the Dungeon.
             The game lasted 00:15:47 (6064 turns).

shmeve the Fighter (Gargoyle Fighter)               Turns: 6064, Time: 00:15:48

Health: 0/65       AC: 23    Str: 29    XL:     10   Next: 17%
Magic:  10/10      EV:  6    Int:  4    God:    Trog [*.....]
Gold:   343        SH: 12    Dex:  9    Spells: 9/9 levels left

rFire    + + .     SeeInvis .   a - +0 war axe
rCold    + . .     Gourm    .   c - +0 shield
rNeg     + . .     Faith    .   C - +0 plate armour
rPois    ∞         Spirit   .   l - +0 helmet
rElec    +         Reflect  .   (no cloak)
rCorr    .         Harm     .   H - +0 pair of gloves
MR       +....                  (no boots)
Stlth    ..........             (no amulet)
Regen    0.2/turn               y - ring of Collam {rF+ rC+ MR+ Int-4 Stlth+}
MPRegen  0.2/turn               F - ring of protection from fire

@: mighty
A: negative energy resistance 1, electricity resistance, unbreathing,
petrification resistance, rot immunity, AC +7
a: Berserk, Burn Spellbooks, Renounce Religion


You were on level 8 of the Dungeon.
You worshipped Trog.
Trog was aware of your devotion.
You were not hungry.

You visited 2 branches of the dungeon, and saw 9 of its levels.

You collected 343 gold pieces.

Inventory:

Hand Weapons
 a - a +0 war axe (weapon)
Armour
 c - a +0 shield (worn)
 l - a +0 helmet (worn)
 C - a +0 plate armour (worn)
 H - a +0 pair of gloves (worn)
Jewellery
 y - the ring of Collam (left hand) {rF+ rC+ MR+ Int-4 Stlth+}
   (You found it on level 5 of the Dungeon)

   [ring of protection from magic]

   It affects your intelligence (-4).
   It protects you from fire.
   It protects you from cold.
   It affects your resistance to hostile enchantments.
   It makes you more stealthy.
 F - a ring of protection from fire (right hand)
Wands
 d - a wand of clouds (4/9)
 s - a wand of confusion (27/48)
Scrolls
 b - a scroll of noise {unknown}
 e - 2 scrolls of magic mapping {unknown}
 h - a scroll of fear {unknown}
 i - a scroll of recharging {unknown}
 j - 8 scrolls of remove curse {unknown}
 n - 7 scrolls of enchant armour {unknown}
 p - 3 scrolls of teleportation {unknown}
 t - a scroll of blinking {unknown}
 u - 2 scrolls of amnesia {unknown}
 v - 2 scrolls of random uselessness {unknown}
 x - 2 scrolls of immolation {unknown}
 z - a scroll of enchant weapon {unknown}
 E - 2 scrolls of identify {unknown}
Potions
 m - 6 potions of curing {unknown}
 o - 3 potions of lignification {unknown}
 r - 4 potions of agility {unknown}
 w - 5 potions of heal wounds {unknown}
 A - 2 potions of haste {unknown}
 B - 2 potions of flight {unknown}
 G - a potion of magic {unknown}
 I - a potion of degeneration {unknown}
Comestibles
 f - 7 bread rations
 g - 2 royal jellies
 k - 4 meat rations
 q - 11 fruits
 J - 4 chunks of flesh


   Skills:
 * Level 8.7 Fighting
 * Level 6.8 Axes
 * Level 8.4 Armour
 * Level 8.6 Shields


You had 9 spell levels left.
You didn't know any spells.

Dungeon Overview and Level Annotations

Branches:
Dungeon (8/15)             Temple (1/1) D:7
   Lair: D:8-11

Altars:
Ashenzari
Cheibriados
Dithmenos
Elyvilon
Fedhas
Hepliaklqana
Kikubaaqudgha
Makhleb
Nemelex Xobeh
Okawaru
Qazlal
Ru
Sif Muna
Trog
Uskayaw
Vehumet
Xom
Yredelemnul
Zin
The Shining One


Innate Abilities, Weirdness & Mutations

You are resistant to torment.
Your stone body is resilient. (AC +7)
You are immune to poison.
You resist negative energy. (rN+)
You are resistant to electric shocks. (rElec)
You can survive without breathing.
You are immune to petrification.
You are immune to rotting.


Message History

You hit the ogre.
The ogre is lightly wounded.
You miss the killer bee. You miss something. You slash the killer bee!
You kill the killer bee!
Trog accepts your kill.
You closely miss the killer bee. The killer bee completely misses you.
The killer bee stings you but does no damage.
You block the killer bee's attack. The killer bee closely misses you.
The ogre barely misses you. Something hits you but does no damage.
The killer bee barely misses you. You block the killer bee's attack.
Your plate armour prevents you from hitting the ogre.
The ogre is lightly wounded.
You closely miss the killer bee.
Your plate armour prevents you from hitting something.
You closely miss the killer bee. The killer bee barely misses you.
The killer bee stings you but does no damage.
The ogre closely misses you. Something hits you.
* * * LOW HITPOINT WARNING * * *
Something shocks you. You resist.
You die...

###.#####. #...#
#...<.)##. #...#
#.#.##(... #..>#
#.#....... #...#
#.#......>
#####...#######.#..#.#..
.............##.#..#.#..
......{))....)..#..#....
.....ly@†.((.####..#.#..
#####cOy###### #.......
#..J# #......# #.....
###..### #[...# #.##
......# #.# ###.#### #.#
#. #.#### #.....


You could see an ogre, a centaur, a jelly, 2 killer bees and a leopard gecko.

Vanquished Creatures
  The ghost of grandjackal the Combatant, a novice DsSk of Okawaru (D:8)
  A hungry ghost (D:4)
  The ghost of Snack the Skirmisher, an amateur MfCj (D:3)
  Menkaure (D:6)
  4 ogres
  4 sky beasts
  An ice beast (D:5)
  4 centaurs
  3 big kobolds
  3 bullfrogs
  3 scorpions
  3 killer bees (D:8)
  2 howler monkeys (D:5)
  3 crimson imps (D:6)
  A quasit (D:5)
  6 hounds
  4 orc priests
  A gnoll shaman (D:8)
  6 orc wizards
  A centaur skeleton (D:5)
  An iguana (D:4)
  3 worker ants
  A killer bee zombie (D:7)
  2 hound skeletons (D:7)
  A worker ant zombie (D:7)
  3 gnolls (D:8)
  9 adders
  2 shadow imps (D:7)
  4 worms
  7 leopard geckos
  27 orcs
  9 bats
  7 giant cockroaches
  3 goblins
  A hobgoblin (D:3)
  5 jackals
  7 quokkas
  3 frilled lizards
  16 kobolds
  A leopard gecko skeleton (D:6)
  7 rats
172 creatures vanquished.

Vanquished Creatures (others)
  A quokka (D:6)
1 creature vanquished.

Grand Total: 173 creatures vanquished

Notes
Turn   | Place    | Note
-------+----------+-------------------------------------------
     0 | D:1      | shmeve the Gargoyle Fighter began the quest for the Orb.
     0 | D:1      | Reached XP level 1. HP: 14/14 MP: 1/1
    68 | D:1      | Found a white marble altar of Elyvilon.
    70 | D:1      | Found a shadowy altar of Dithmenos.
    70 | D:1      | Found a burning altar of Makhleb.
    72 | D:1      | Found a shimmering altar of Xom.
    72 | D:1      | Found a blossoming altar of Fedhas.
    72 | D:1      | Found a burning altar of Makhleb.
   297 | D:1      | Reached XP level 2. HP: 19/19 MP: 2/2
   620 | D:2      | Reached XP level 3. HP: 20/23 MP: 3/3
   814 | D:2      | Reached XP level 4. HP: 15/29 MP: 4/4
  1464 | D:3      | Noticed Snack's ghost (amateur MfCj)
  1481 | D:3      | Killed Snack's ghost
  1481 | D:3      | Reached XP level 5. HP: 21/34 MP: 5/5
  1481 | D:3      | Reached XP level 6. HP: 24/39 MP: 6/6
  2254 | D:4      | Reached skill level 5 in Shields
  2521 | D:4      | Reached skill level 5 in Fighting
  2534 | D:4      | Found a shadowy altar of Dithmenos.
  2537 | D:4      | Reached XP level 7. HP: 20/44 MP: 7/7
  2678 | D:4      | Noticed a hungry ghost
  2766 | D:4      | Killed a hungry ghost
  2766 | D:4      | Reached skill level 5 in Armour
  3411 | D:5      | Entered Level 5 of the Dungeon
  3440 | D:5      | Reached XP level 8. HP: 21/51 MP: 8/8
  3695 | D:5      | Found a sparkling altar of Nemelex Xobeh.
  3806 | D:5      | Got a scintillating glass ring
  4323 | D:5      | Reached skill level 5 in Axes
  4345 | D:6      | Found a hide-covered altar of Uskayaw.
  4380 | D:6      | Noticed Menkaure
  4394 | D:6      | Killed Menkaure
  4397 | D:6      | Reached XP level 9. HP: 12/57 MP: 9/9
  4664 | D:6      | Found a snail-covered altar of Cheibriados.
  4720 | D:6      | Found a white marble altar of Elyvilon.
  4769 | D:6      | Identified the ring of Collam {rF+ rC+ MR+ Int-4 Stlth+} (You found it on level 5 of the Dungeon)
  4852 | D:6      | Found a blossoming altar of Fedhas.
  5013 | D:7      | Found a staircase to the Ecumenical Temple.
  5028 | Temple   | Entered the Ecumenical Temple
  5035 | Temple   | Became a worshipper of Trog the Wrathful
  5907 | D:8      | Reached * piety under Trog
  6047 | D:8      | Noticed grandjackal's ghost (novice DsSk)
  6061 | D:8      | HP: 3/60 [killer bee (2)]
  6062 | D:8      | Killed grandjackal's ghost
  6062 | D:8      | Reached XP level 10. HP: 3/65 MP: 10/10
  6064 | D:8      | HP: 1/65 [something (3)]
  6064 | D:8      | Slain by a sky beast

Skill      XL: |  1  2  3  4  5  6  7  8  9 |
---------------+----------------------------+-----
Axes           | 2 3 4 5 6 |  6.8
Fighting       | 4 5 7 8 |  8.7
Armour         | 4 5 6 8 |  8.4
Shields        | 4 5 7 8 |  8.6

Action                   |  1- 3 |  4- 6 |  7- 9 | 10-12 || total
-------------------------+-------+-------+-------+-------++-------
Melee: War axe           |   104 |   231 |   526 |     2 ||   863
Invok: Burn Spellbooks   |       |       |     1 |       ||     1
  Use: Potion            |       |     1 |     1 |       ||     2
  Eat: Chunk             |       |     6 |    14 |       ||    20
       Fruit             |       |       |    12 |       ||    12
       Bread ration      |       |       |     1 |       ||     1
Armor: Scale mail        |    71 |    37 |       |       ||   108
       Chain mail        |       |   174 |   291 |       ||   465
       Plate armour      |       |       |   195 |     5 ||   200
Dodge: Dodged            |    47 |    71 |   161 |     9 ||   288
Block: Shield            |    67 |   123 |   366 |     5 ||   561
